Map: Romanticide LE

Players

PartinG

  • Race: Protoss Protoss

LiquidClem (Clem) - Winner!

  • Race: Terran Terran

Event: DreamHack SC2 Masters 2021 Fall

VOD

Have the link to the VOD?

Description

Time

  • Played on: Sept. 11, 2021, 12:01 p.m.
  • Length: 7:37

All games in this series

Show
View Real Time Build Order
Export as new Build Order

PartinG Protoss 

Build Orders: 1 Gate Expand 

Get SALT Encoding   

  12  0:00  Probe  
  13  0:12  Probe  
  14  0:18  Pylon  
  14  0:24  Probe (Chrono Boost)  
  15  0:36  Gateway  
  15  0:37  Probe (Chrono Boost)  
  16  0:43  Probe (Chrono Boost)  
  16  0:45  Assimilator  
  17  0:51  Probe  
  18  1:03  Probe  
  19  1:15  Probe  
  20  1:24  Cybernetics Core  
  22  1:34  Nexus, Probe  
  21  1:40  Pylon  
  21  1:46  Assimilator  
  21  1:49  Probe  
  22  1:57  Adept (Chrono Boost)  
  22  2:00  Warp Gate  
  24  2:02  Probe  
  25  2:14  Probe  
  26  2:18  Adept (Chrono Boost)  
  28  2:26  Probe  
  28  2:27  Robotics Facility  
  29  2:38  Probe  
  30  2:46  Stalker  
  30  2:47  Probe  
  30  2:50  Probe  
  34  2:59  Gateway  
  34  3:00  Probe  
  34  3:02  Probe  
  34  3:05  Gateway  
  34  3:12  Probe (Chrono Boost)  
  35  3:16  Probe (Chrono Boost)  
  35  3:17  Observer, Shield Battery  
  37  3:24  Probe (Chrono Boost)  
  39  3:32  Pylon, Probe (Chrono Boost)  
  39  3:33  Probe (Chrono Boost)  
  40  3:38  Probe  
  40  3:39  Probe, Warp Prism (Chrono Boost)  
  44  3:50  Stalker, Probe  
  46  3:57  Stalker  
  46  4:02  Stalker  
  37  4:14  Stalker  
  37  4:16  Observer  
  39  4:21  Probe (Chrono Boost)  
  41  4:32  Probe (Chrono Boost)  
  41  4:33  Stalker  
  41  4:37  Probe (Chrono Boost)  
  43  4:39  Probe  
  45  4:46  Stalker  
  45  4:51  Probe  
  45  4:52  Probe  
  49  5:03  Probe  
  49  5:04  Probe  
  51  5:16  Probe  
  52  5:22  Observer  
  52  5:26  Probe (Chrono Boost)  
  50  5:28  Probe (Chrono Boost)  
  50  5:29  Twilight Council  
  50  5:34  Observer  
  50  5:37  Probe (Chrono Boost)  
  50  5:39  Probe (Chrono Boost)  
  50  5:42  Probe (Chrono Boost)  
  52  5:43  Probe (Chrono Boost)  
  52  5:46  Assimilator  
  52  5:48  Assimilator  
  54  5:54  Observer  
  54  5:57  Pylon  
  54  5:58  Pylon  
  54  6:10  Nexus  
  54  6:11  Pylon  
  54  6:12  Probe (Chrono Boost)  
  54  6:15  Templar Archives, Probe (Chrono Boost)  
  55  6:25  Probe (Chrono Boost)  
  57  6:27  Probe (Chrono Boost)  
  57  6:32  Probe (Chrono Boost)  
  58  6:33  Probe (Chrono Boost)  
  58  6:35  Gateway  
  58  6:37  Gateway x2  
  58  6:39  Probe  
  59  6:41  Gateway, Probe  
  59  6:42  Observer  
  61  6:54  High Templar x2  
  61  6:58  Probe x2  
  67  7:03  Shield Battery  
  67  7:07  Shield Battery x2  
  67  7:10  Probe  
  67  7:14  High Templar  
  68  7:26  Stalker  
Show
View Real Time Build Order
Export as new Build Order

LiquidClem Terran - Winner!

Build Orders:  

Get SALT Encoding   

  12  0:00  SCV  
  13  0:12  SCV  
  14  0:17  Supply Depot  
  14  0:24  SCV  
  15  0:29  Refinery  
  15  0:38  SCV  
  16  0:44  Barracks  
  16  0:50  SCV  
  17  1:02  SCV  
  18  1:15  SCV  
  19  1:31  Marine  
  19  1:32  Orbital Command  
  20  1:36  Factory  
  20  1:43  Supply Depot  
  20  1:50  Barracks Reactor  
  20  1:58  SCV  
  21  2:10  SCV  
  21  2:14  Supply Depot  
  22  2:22  SCV  
  23  2:30  Starport  
  23  2:31  Hellion x2  
  23  2:34  Marine, SCV  
  29  2:45  Command Center  
  29  2:52  Hellion  
  29  2:54  Hellion  
  29  2:56  Marine  
  34  3:02  Supply Depot  
  34  3:04  SCV  
  35  3:11  Medivac  
  37  3:17  SCV  
  38  3:21  Factory Tech Lab  
  38  3:24  Marine x2  
  40  3:29  Refinery  
  40  3:30  SCV  
  41  3:34  Supply Depot  
  41  3:42  SCV  
  41  3:45  Marine x2  
  44  3:48  Cyclone  
  47  3:56  SCV  
  48  4:05  Marine x2  
  46  4:10  SCV  
  46  4:16  Orbital Command  
  45  4:20  Siege Tank  
  45  4:22  Marine, SCV  
  50  4:24  Barracks  
  50  4:29  Marine  
  51  4:35  SCV  
  50  4:40  Marine, Viking  
  50  4:43  SCV  
  54  4:46  Marine  
  54  4:51  Bunker  
  54  4:52  SCV, Siege Tank  
  56  4:55  SCV  
  56  4:58  Marine  
  61  5:02  Supply Depot  
  61  5:04  Marine, SCV  
  64  5:07  SCV  
  64  5:12  Barracks Tech Lab  
  64  5:16  Marine, SCV  
  63  5:22  Marine  
  63  5:23  SCV  
  64  5:28  Engineering Bay  
  64  5:29  Refinery  
  64  5:30  SCV  
  64  5:31  Marine, Supply Depot  
  64  5:34  Marine  
  67  5:36  Stimpack  
  67  5:37  SCV  
  67  5:40  Marine  
  67  5:42  Barracks  
  69  5:43  SCV  
  69  5:44  Factory Reactor  
  69  5:48  Starport Reactor  
  69  5:49  Marine, SCV  
  72  5:52  Marine  
  72  5:55  SCV, Missile Turret  
  74  5:58  Marine  
  74  6:03  Supply Depot  
  75  6:06  Marine, SCV  
  75  6:07  SCV  
  78  6:11  Refinery  
  78  6:12  Marine  
  78  6:16  Marine  
  80  6:18  SCV  
  80  6:23  Supply Depot  
  80  6:25  Widow Mine x2, Marauder  
  87  6:27  Medivac  
  87  6:31  Medivac  
  87  6:32  Marine  
  91  6:35  Marauder  
  94  6:42  Supply Depot  
  94  6:44  Marine  
  94  6:45  Supply Depot  
  95  6:49  Widow Mine x2  
  95  6:52  Marine  
  100  6:54  Marauder  
  102  7:03  Marine  
  102  7:05  SCV x2  
  102  7:06  Marauder  
  107  7:10  Supply Depot  
  107  7:11  Marine  
  108  7:16  Marauder  
  116  7:31  Supply Depot  

Tags
 
Add a new tag
Caveats
  • Supply blocks, unpowered buildings, or Contaminate may cause inaccurate times.
  • Supply counts are checked every 10 seconds.